 Dungeon Crawl Stone Soup version 0.22-a0-480-g991dd4b2b4 (webtiles) character file.

515 Oravi the Conjurer (level 7, -2/50 HPs)
             Began as a Pale Draconian Conjurer on June 15, 2018.
             Splashed by a jelly's acid (7 damage)
             ... on level 7 of the Dungeon.
             The game lasted 00:15:12 (4828 turns).

Oravi the Conjurer (Pale Draconian Conjurer)        Turns: 4828, Time: 00:15:14

Health: -2/50      AC:  2    Str: 11    XL:     7   Next: 0%
Magic:  4/23       EV: 12    Int: 17    God:
Gold:   100        SH:  0    Dex: 11    Spells: 6/16 levels left

rFire    . . .     SeeInvis .   c - +0 whip
rCold    . . .     Gourm    .   (no shield)
rNeg     . . .     Faith    .   (armour unavailable)
rPois    .         Spirit   .   (helmet restricted)
rElec    .         Reflect  .   (no cloak)
rCorr    .         Harm     .   (no gloves)
MR       .....                  (no boots)
Stlth    ++........             (no amulet)
HPRegen  0.16/turn              m - ring of wizardry
MPRegen  0.18/turn              n - ring of magical power

@: corroded
A: breathe steam, unfitting armour, cold-blooded, AC +6
a: Breathe Steam


You were on level 7 of the Dungeon.
You were not hungry.

You visited 1 branch of the dungeon, and saw 5 of its levels.

You collected 100 gold pieces.

Inventory:

Hand Weapons
 c - a +0 whip (weapon)
Missiles
 a - 112 stones (quivered)
Jewellery
 m - a ring of wizardry (left hand)
 n - a ring of magical power (right hand)
Scrolls
 d - 2 scrolls of magic mapping {unknown}
 e - a scroll of immolation {unknown}
 f - 3 scrolls of fear {unknown}
 g - 2 scrolls of enchant armour {unknown}
 j - 4 scrolls of identify {unknown}
 l - a scroll of fog {unknown}
 o - a scroll of teleportation {unknown}
Potions
 h - 2 potions of flight {unknown}
 i - 2 potions of heal wounds {unknown}
 k - 2 potions of ambrosia {unknown}
 p - a potion of curing {unknown}
Comestibles
 b - 2 rations
 q - 8 chunks of flesh


   Skills:
 - Level 1.7 Dodging
 - Level 1.7 Stealth
 + Level 5.1 Spellcasting
 + Level 6.6 Conjurations


You had 6 spell levels left.
You knew the following spells:

 Your Spells              Type           Power        Failure   Level  Hunger
a - Magic Dart            Conj           ####         1%          1    None
b - Searing Ray           Conj           ####..       1%          2    #......
c - Dazzling Spray        Conj/Hex       ###...       4%          3    ###....
d - Iskenderun's Mystic   Conj           ####....     4%          4    ####...

Your spell library contained the following spells:

 Spells                   Type           Power        Failure   Level  Hunger
 Fulminant Prism          Conj/Hex       ###.......   14%         4    ####...
 Force Lance              Conj/Tloc      ###.....     14%         4    ####...


Dungeon Overview and Level Annotations

Branches:
Dungeon (4/15)
 Temple: D:4-7

Altars:
Elyvilon
Nemelex Xobeh
Qazlal
Wu Jian

Annotations:
D:4 Askman's ghost, amateur GrFi


Innate Abilities, Weirdness & Mutations

You can breathe blasts of scalding, opaque steam.
Your pale cyan-grey scales are hard. (AC +6)
You cannot fit into any form of body armour.
You are cold-blooded and may be slowed by cold attacks.


Message History

A gnoll comes into view.
The jelly hits you but does no damage.
Casting: Searing Ray (safe; 1% risk of failure)
Confirm with . or Enter, or press ? or * to list all spells.
Aiming: Searing Ray (safe; 1% risk of failure)
Press: ? - help, Shift-Dir - straight line, f/p - hound
Aim: a hound (almost dead)
The searing ray misses the hound. (Press . to maintain the ray.)
The gnoll shouts!
You hear a shout!
The hound closely misses you. The hound barely misses you. The jelly hits you.
The acid corrodes you!
You are splashed with acid!
The acid burns!
* * * LOW HITPOINT WARNING * * *
The hound misses you.
The gnoll hits you from afar with a spear!
* * * LOW HITPOINT WARNING * * *
The jelly hits you.
* * * LOW HITPOINT WARNING * * *
You are splashed with acid!
The acid burns!
You die...

#.........
##........#
#..g......#
#..........
#.........#
#..g.......
#.Jh......#
#..@.....(.
#.........#
#.........#
#.........#
###########


You could see a hound, a jelly and 2 gnolls.

Vanquished Creatures
  A hippogriff (D:7)
  A scorpion (D:4)
  An orc priest (D:3)
  A bullfrog skeleton (D:4)
  Terence (D:3)
  2 worker ants
  6 adders
  4 worms
  3 dart slugs
  5 leopard geckos
  7 orcs
  7 giant cockroaches
  6 hobgoblins
  9 jackals
  5 kobolds
  3 quokkas
  3 ball pythons
  9 bats
  2 frilled lizards
  8 goblins
  8 rats
92 creatures vanquished.

Notes
Turn   | Place    | Note
-------+----------+-------------------------------------------
     0 | D:1      | Oravi the Draconian Conjurer began the quest for the Orb.
     0 | D:1      | Reached XP level 1. HP: 14/14 MP: 3/3
   187 | D:1      | Reached XP level 2. HP: 20/20 MP: 1/5
   318 | D:1      | Learned a level 2 spell: Searing Ray
   460 | D:1      | Found a sparkling altar of Nemelex Xobeh.
  1219 | D:2      | Reached XP level 3. HP: 26/26 MP: 2/7
  1503 | D:2      | Learned a level 3 spell: Dazzling Spray
  2100 | D:2      | Reached XP level 4. HP: 33/33 MP: 2/8
  2535 | D:2      | Found a white marble altar of Elyvilon.
  2717 | D:2      | Reached skill level 5 in Conjurations
  3190 | D:3      | Found a sparkling altar of Nemelex Xobeh.
  3339 | D:3      | Found a stormy altar of Qazlal.
  3398 | D:3      | Found an ornate altar of the Wu Jian Council.
  3463 | D:3      | Reached XP level 5. HP: 38/38 MP: 3/10
  3805 | D:3      | Learned a level 4 spell: Iskenderun's Mystic Blast
  3815 | D:3      | Noticed Terence
  3826 | D:3      | Killed Terence
  4270 | D:4      | Reached XP level 6. HP: 39/45 MP: 12/12
  4400 | D:4      | Reached skill level 6 in Conjurations
  4542 | D:4      | Noticed Askman's ghost (amateur GrFi)
  4795 | D:4      | You fall through a shaft for 3 floors!
  4795 | D:7      | Noticed a hippogriff
  4803 | D:7      | Killed a hippogriff
  4803 | D:7      | Reached skill level 5 in Spellcasting
  4803 | D:7      | Your scales start taking on a pale cyan-grey colour.
  4803 | D:7      | Reached XP level 7. HP: 23/50 MP: 12/14
  4828 | D:7      | Splashed by a jelly's acid

Vault maps used:
D:1:      dpeg_arrival_rhombi, nemelex_diamond_rough_becter
D:2:      lemuel_coloured_pillars_altar, kennysheep_generic_room_16
D:3:      old_standard_altar, overflow_temple_1_default, grunt_qazlal_clouds,
          uniq_terence
D:4:      uniq_robin
D:7:      minmay_temple_entry_enclosed_plants

Skill      XL: |  1  2  3  4  5  6 |
---------------+-------------------+-----
Spellcasting   | 3 4 5 |  5.1
Conjurations   | 5 6 |  6.6
Dodging        | |  1.7
Stealth        | |  1.7

Action                   |  1- 3 |  4- 6 |  7- 9 || total
-------------------------+-------+-------+-------++-------
Melee: Unarmed           |    11 |       |       ||    11
       Tailslap          |     1 |       |       ||     1
       Whip              |    19 |     3 |       ||    22
Throw: Stone             |     6 |     2 |       ||     8
 Cast: Magic Dart        |    33 |    77 |       ||   110
       Searing Ray       |    17 |    33 |     3 ||    53
  Eat: Chunk             |     5 |     9 |       ||    14
Armor: Skin              |    25 |    13 |     3 ||    41
Dodge: Dodged            |    30 |    16 |     9 ||    55

Table legend:
 A = Spawn XP
 B = Non-spawn XP
 C = Spawn XP percentage of total XP
 D = Spawn monster count
 E = Non-spawn monster count
 F = Spawn count percentage of total count
 G = Total turns spent on level
                    A         B        C        D         E        F      G
               +---------+---------+-------+---------+---------+-------+---------
         Total |       0 |     737 |   0.0 |       0 |      92 |   0.0 |  4828
               +---------+---------+-------+---------+---------+-------+---------
           D:1 |       0 |      51 |   0.0 |       0 |      27 |   0.0 |  1491
           D:2 |       0 |      78 |   0.0 |       0 |      23 |   0.0 |  1477
           D:3 |       0 |     184 |   0.0 |       0 |      27 |   0.0 |  1290
           D:4 |       0 |     192 |   0.0 |       0 |      14 |   0.0 |   537
           D:7 |       0 |     232 |   0.0 |       0 |       1 |   0.0 |    33
               +---------+---------+-------+---------+---------+-------+---------
